 Dungeon Crawl Stone Soup version 0.24-a0-203-gf0bc1e9 (webtiles) character file.

Game seed: 3129250834678010335

808306 Inarius the Axe Maniac (level 27, 0/231 HPs)
             Began as a Demonspawn Fighter on Mar 26, 2019.
             Was the Champion of Makhleb.
             Slain by a reaper
             ... wielding a +2 scythe of venom
              (24 damage)
             ... on level 18 of a ziggurat.
             The game lasted 04:23:00 (75327 turns).

Inarius the Axe Maniac (Demonspawn Fighter)        Turns: 75327, Time: 04:23:01

Health: 0/231      AC: 36    Str: 37    XL:     27
Magic:  0/34       EV: 22    Int: 14    God:    Makhleb [******]
Gold:   7855       SH: 32    Dex: 17    Spells: 18/35 levels left

rFire    + + .     SeeInvis .   Q - +9 broad axe (elec)
rCold    + + .     Gourm    .   W - +5 large shield "Ommiumm" {*Corrode rPois rC+ rN++ Slay+3}
rNeg     + + +     Faith    .   Z - +10 pearl dragon scales
rPois    +         Spirit   +   J - +0 hat of the Hart {rF+ Str+5 Int+3 Stlth+}
rElec    +         Reflect  .   U - +2 cloak {MR+}
rCorr    .         Harm     .   c - +0 pair of fencer's gloves {Riposte Dex+3}
MR       +++..                  (boots unavailable)
Stlth    +++.......             w - amulet of Elitism {Spirit rElec rC+ Str-4 Dex+2}
HPRegen  0.48/turn              Y - ring of Xom's Fair Game {rN+ Str+7}
MPRegen  0.24/turn              d - ring of the Duchess {+Fly rF+ Str+2}

@: liquid flames, glowing, studying 3 skills
A: talons 3, iridescent scales 3, clumsy 1, [deterioration 2], low mp 1,
nightstalker 3, powered by pain 3, evolution 1, augmentation 3
}: 5/15 runes: decaying, serpentine, slimy, silver, abyssal
a: Minor Destruction, Lesser Servant of Makhleb, Major Destruction, Greater
Servant of Makhleb, Renounce Religion, Evoke Flight


You were on level 18 of a ziggurat.
You worshipped Makhleb.
Makhleb was exalted by your worship.
You were very hungry.

You visited 12 branches of the dungeon, and saw 58 of its levels.
You visited the Abyss 4 times.
You visited 1 bazaar.
You visited 1 ziggurat, and saw 18 of its levels.
You also visited: Trove, Gauntlet and Ice Cave.

You collected 11284 gold pieces.
You spent 3429 gold pieces at shops.

Inventory:

Hand Weapons
 j - a +9 broad axe of flaming
 p - a +9 broad axe of freezing
 Q - a +9 broad axe of electrocution (weapon)
Armour
 c - the +0 pair of fencer's gloves (worn) {Riposte Dex+3}
   (You bought it in a shop on level 2 of the Elven Halls)

   It affects your dexterity (+3).
 s - the +2 pair of gloves of Charity {Str+5}
   (You found it on level 13 of a ziggurat)

   It affects your strength (+5).
 F - the +3 pair of gauntlets of War {Slay+5}
   (You found it on level 17 of a ziggurat)

   It affects your accuracy and damage with ranged weapons and melee attacks
   (+5).
 I - the +1 cloak of Starlight {rElec rC+ EV+4 Stlth--}
   (You found it on level 7 of a ziggurat)

   It affects your evasion (+4).
   It protects you from cold.
   It insulates you from electricity.
   It makes you much less stealthy.
 J - the +0 hat of the Hart (worn) {rF+ Str+5 Int+3 Stlth+}
   (Okawaru gifted it to you on level 2 of the Vaults)

   It affects your strength (+5).
   It affects your intelligence (+3).
   It protects you from fire.
   It makes you more stealthy.
 U - a +2 cloak of magic resistance (worn)
 W - the +5 large shield "Ommiumm" (worn) {*Corrode rPois rC+ rN++ Slay+3}
   (You found it on level 2 of the Depths)

   It affects your accuracy and damage with ranged weapons and melee attacks
   (+3).
   It protects you from cold.
   It protects you from poison.
   It greatly protects you from negative energy.
   It may corrode you when you take damage.
 Z - +10 pearl dragon scales (worn)
Jewellery
 d - the ring of the Duchess (right hand) {+Fly rF+ Str+2}
   (You took it off a vampire mage on level 3 of the Crypt)

   [ring of flight]

   It affects your strength (+2).
   It protects you from fire.
   It lets you fly.
 o - the ring of Oryh {-Tele rPois rC+ Int-2 Stlth+}
   (You found it in a Gauntlet)

   [ring of protection from cold]

   It affects your intelligence (-2).
   It protects you from cold.
   It protects you from poison.
   It prevents most forms of teleportation.
   It makes you more stealthy.
 w - the amulet of Elitism (around neck) {Spirit rElec rC+ Str-4 Dex+2}
   (You found it on level 12 of a ziggurat)

   [amulet of guardian spirit]

   It causes incoming damage to be split between your health and magic.
   It affects your strength (-4).
   It affects your dexterity (+2).
   It protects you from cold.
   It insulates you from electricity.
 y - an uncursed ring of see invisible
 D - the amulet "Vufyo" {Reflect rElec Str+4 Dex-5 SH+2}
   (You acquired it on level 5 of the Vaults)

   [amulet of reflection]

   It shields you and reflects attacks.
   It affects your strength (+4).
   It affects your dexterity (-5).
   It insulates you from electricity.
   It affects your SH (+2).
 S - an uncursed amulet of regeneration
 T - the ring of Juph {rC++ MP+9 Dex+4}
   (You found it on level 17 of a ziggurat)

   [ring of magical power]

   It affects your dexterity (+4).
   It greatly protects you from cold.
   It affects your magic capacity (+9).
 Y - the ring of Xom's Fair Game (left hand) {rN+ Str+7}
   (You bought it in a shop on level 2 of the Snake Pit)

   [ring of positive energy]

   It affects your strength (+7).
   It protects you from negative energy.
Wands
 z - a wand of acid (9)
 C - a wand of digging (11)
 E - a wand of iceblast (15)
 K - a wand of scattershot (10)
 M - a wand of clouds (8)
Scrolls
 h - 25 scrolls of teleportation
 i - 14 scrolls of fog
 l - 28 scrolls of remove curse
 r - 3 scrolls of summoning
 v - 6 scrolls of identify
 B - a scroll of enchant armour
 N - 7 scrolls of magic mapping
 P - 3 scrolls of fear
 R - 13 scrolls of blinking
Potions
 b - 3 potions of invisibility
 e - 9 potions of flight
 k - 9 potions of berserk rage
 m - a potion of haste
 n - 4 potions of resistance
 q - 17 potions of curing
 t - 11 potions of magic
 A - 6 potions of agility
 H - 2 potions of might
 L - 5 potions of cancellation
 X - 7 potions of mutation
Books
 a - a manual of Hexes
 u - a manual of Dodging
 O - a manual of Shields
Miscellaneous
 x - a lightning rod (3/4)
 G - 2 phantom mirrors
 V - 8 sacks of spiders
Comestibles
 f - 99 rations


   Skills:
 + Level 22.0 Fighting
 O Level 27 Axes
 - Level 12.4 Armour
 * Level 17.3 Dodging
 + Level 12.5 Stealth
 + Level 21.9 Shields
 * Level 4.6 Spellcasting
 * Level 8.8 Hexes
 * Level 15.5 Necromancy
 * Level 6.3 Transmutations
 + Level 21.5 Invocations
 + Level 13.2 Evocations


You had 18 spell levels left.
You knew the following spells:

 Your Spells              Type           Power        Failure   Level  Hunger
a - Regeneration          Chrm/Necr      ####......   6%          3    ###....
b - Darkness              Hex            ####......   88%         6    #######
c - Necromutation         Tmut/Necr      ####......   100%        8    #######

Your spell library contained the following spells:

 Spells                   Type           Power        Failure   Level  Hunger
 Animate Skeleton         Necr           N/A          1%          1    None
 Confusing Touch          Hex            ####..       1%          1    None
 Corona                   Hex            ####...      1%          1    None
 Pain                     Necr           ####         1%          1    None
 Corpse Rot               Necr           N/A          1%          2    ##.....
 Slow                     Hex            ####....     1%          2    ##.....
 Sublimation of Blood     Necr           #####.....   1%          2    ##.....
 Vampiric Draining        Necr           #####.....   1%          3    ###....
 Animate Dead             Necr           N/A          1%          4    ####...
 Agony                    Necr           #####...     2%          5    ######.
 Dispel Undead            Necr           #####...     2%          5    ######.
 Beastly Appendage        Tmut           ###...       3%          1    None
 Confuse                  Hex            ####....     3%          3    ###....
 Tukima's Dance           Hex            ####....     3%          3    ###....
 Sticks to Snakes         Tmut           ###.....     5%          2    ##.....
 Ensorcelled Hibernation  Hex/Ice        ###...       12%         2    ##.....
 Cause Fear               Hex            ####......   12%         4    ####...
 Death Channel            Necr           #####.....   12%         6    #######
 Passwall                 Tmut/Erth      ##......     19%         2    ##.....
 Dazzling Spray           Conj/Hex       ###...       22%         3    ###....
 Inner Flame              Hex/Fire       ###.....     22%         3    ###....
 Portal Projectile        Hex/Tloc       ###...       22%         3    ###....
 Spectral Weapon          Hex/Chrm       ###.....     22%         3    ###....
 Summon Guardian Golem    Hex/Summ       ###.....     22%         3    ###....
 Spider Form              Tmut/Pois      ##........   36%         3    ###....
 Apportation              Tloc           #.....       43%         1    None
 Flame Tongue             Conj/Fire      #....        43%         1    None
 Freeze                   Ice            #...         43%         1    None
 Infusion                 Chrm           #...         43%         1    None
 Sandblast                Erth           #.....       43%         1    None
 Shock                    Conj/Air       #...         43%         1    None
 Summon Butterflies       Summ           #.......     43%         1    None
 Summon Small Mammal      Summ           #...         43%         1    None
 Bolt of Draining         Conj/Necr      ####......   47%         5    ######.
 Borgnjor's Vile Clutch   Necr/Erth      ####......   47%         5    ######.
 Excruciating Wounds      Chrm/Necr      ####......   47%         5    ######.
 Yara's Violent Unravell  Hex/Tmut       ###.......   50%         5    ######.
 Ignite Poison            Fire/Tmut/Pois #.......     52%         3    ###....
 Blink                    Tloc           N/A          58%         2    ##.....
 Poisonous Vapours        Pois/Air       #.....       58%         2    ##.....
 Shroud of Golubria       Chrm/Tloc      #.........   58%         2    ##.....
 Song of Slaying          Chrm           #.......     58%         2    ##.....
 Swiftness                Chrm/Air       #.......     58%         2    ##.....
 Throw Flame              Conj/Fire      #.....       58%         2    ##.....
 Throw Frost              Conj/Ice       #.....       58%         2    ##.....
 Fulminant Prism          Conj/Hex       ###.......   58%         4    ####...
 Leda's Liquefaction      Hex/Erth       ###.......   58%         4    ####...
 Blade Hands              Tmut           ###.......   67%         5    ######.
 Ice Form                 Ice/Tmut       ##......     77%         4    ####...
 Petrify                  Tmut/Erth      ##......     77%         4    ####...
 Call Canine Familiar     Summ           #.......     82%         3    ###....
 Conjure Flame            Conj/Fire      #.......     82%         3    ###....
 Gell's Gravitas          Tloc           #.........   82%         3    ###....
 Lesser Beckoning         Tloc           #.........   82%         3    ###....
 Mephitic Cloud           Conj/Pois/Air  #.......     82%         3    ###....
 Ozocubu's Armour         Chrm/Ice       #.......     82%         3    ###....
 Recall                   Summ/Tloc      N/A          82%         3    ###....
 Stone Arrow              Conj/Erth      #.....       82%         3    ###....
 Teleport Other           Tloc           #.......     82%         3    ###....
 Invisibility             Hex            ####....     88%         6    #######
 Metabolic Englaciation   Hex/Ice        ###.......   91%         5    ######.
 Silence                  Hex/Air        ###.......   91%         5    ######.
 Summon Mana Viper        Hex/Summ       ###.....     91%         5    ######.
 Simulacrum               Ice/Necr       ####......   96%         6    #######
 Alistair's Intoxication  Tmut/Pois      ##......     98%         5    ######.
 Irradiate                Conj/Tmut      ##........   98%         5    ######.
 Airstrike                Air            #.........   99%         4    ####...
 Force Lance              Conj/Tloc      #.......     99%         4    ####...
 Iskenderun's Mystic Bla  Conj           #.......     99%         4    ####...
 Olgreb's Toxic Radiance  Pois           #.......     99%         4    ####...
 Passage of Golubria      Tloc           N/A          99%         4    ####...
 Sticky Flame             Conj/Fire      #.......     99%         4    ####...
 Summon Ice Beast         Ice/Summ       #.......     99%         4    ####...
 Summon Lightning Spire   Summ/Air       #.......     99%         4    ####...
 Hydra Form               Tmut           ###.......   99%         6    #######
 Borgnjor's Revivificati  Necr           #####.....   99%         8    #######
 Infestation              Necr           #####.....   99%         8    #######
 Aura of Abjuration       Summ           #.........   100%        5    ######.
 Bolt of Magma            Conj/Fire/Erth #.........   100%        5    ######.
 Fireball                 Conj/Fire      #.........   100%        5    ######.
 Iskenderun's Battlesphe  Conj/Chrm      #.......     100%        5    ######.
 Lee's Rapid Deconstruct  Erth           #.........   100%        5    ######.
 Lightning Bolt           Conj/Air       #.........   100%        5    ######.
 Summon Demon             Summ           #.........   100%        5    ######.
 Summon Forest            Summ/Tloc      #.........   100%        5    ######.
 Venom Bolt               Conj/Pois      #.........   100%        5    ######.
 Bolt of Cold             Conj/Ice       #.........   100%        6    #######
 Conjure Ball Lightning   Conj/Air       #.........   100%        6    #######
 Deflect Missiles         Chrm/Air       #.........   100%        6    #######
 Dispersal                Tloc           #.........   100%        6    #######
 Freezing Cloud           Conj/Ice/Air   #.........   100%        6    #######
 Iron Shot                Conj/Erth      #.........   100%        6    #######
 Ozocubu's Refrigeration  Ice            #.........   100%        6    #######
 Poison Arrow             Conj/Pois      #.........   100%        6    #######
 Shadow Creatures         Summ           N/A          100%        6    #######
 Statue Form              Tmut/Erth      ##.......    100%        6    #######
 Dragon Form              Tmut           ###.......   100%        7    #######
 Haunt                    Necr/Summ      ####......   100%        7    #######
 Orb of Destruction       Conj           #.........   100%        7    #######
 Ring of Flames           Chrm/Fire      #.........   100%        7    #######
 Spellforged Servitor     Conj/Summ      #.........   100%        7    #######
 Summon Hydra             Summ           #.........   100%        7    #######
 Chain Lightning          Conj/Air       #.........   100%        8    #######
 Controlled Blink         Tloc           N/A          100%        8    #######
 Death's Door             Chrm/Necr      ####......   100%        8    #######
 Discord                  Hex            ####......   100%        8    #######
 Lehudib's Crystal Spear  Conj/Erth      #.........   100%        8    #######
 Dragon's Call            Summ           #.........   100%        9    #######
 Fire Storm               Conj/Fire      #.........   100%        9    #######
 Glaciate                 Conj/Ice       #.........   100%        9    #######
 Tornado                  Air            #.........   100%        9    #######


Dungeon Overview and Level Annotations

Branches:
Dungeon (15/15)            Temple (1/1) D:4            Lair (6/6) D:8
  Swamp (4/4) Lair:2        Snake (4/4) Lair:4        Slime (5/5) Lair:6
    Orc (2/2) D:10            Elf (3/3) Orc:2        Vaults (5/5) D:13
  Crypt (3/3) Vaults:3       Tomb (0/3) Crypt:3      Depths (5/5) D:15
    Zot (5/5) Depths:5

Altars:
Ashenzari
Dithmenos
Gozag
Hepliaklqana
Kikubaaqudgha
Makhleb
Nemelex Xobeh
Okawaru
Qazlal
Ru
Sif Muna
Trog
Vehumet
Wu Jian
Xom
Yredelemnul
Zin
The Shining One
Beogh

Shops:
D:4 %   D:12 *   D:14 *   Orc:2 }?[*   Elf:2 [   Elf:3 =   Snake:1 }
Snake:2 }}=   Snake:4 (   Vaults:5 %   Depths:3 :

Portals:
Hell: Depths:1 Depths:2 Depths:3 Depths:4 Depths:5
Abyss: Depths:3 Depths:4 Depths:5
Pandemonium: Orc:2 Depths:1 Depths:2 Depths:3 Depths:5

Annotations:
Snake:4 Mara
Zig:18 exclusion: orange crystal statue


Innate Abilities, Weirdness & Mutations

You have claws for feet.
You are completely covered in iridescent scales. (AC +6)
You are completely attuned to the shadows.
You are powered by pain.
Your magical and physical power is greatly enhanced at high health.
You are clumsy. (Dex -2)
Your magical capacity is low. (-10% MP)
You evolve.
[Your body often deteriorates upon taking damage.]


Message History

The torturous warmonger is heavily wounded.
The thunderbolt hits the apocalypse crab!
The apocalypse crab is heavily wounded.
You are covered in liquid flames!
* * * LOW HITPOINT WARNING * * *
You hear a shout!
The ufetubus disappears in a puff of smoke!
The ufetubus is poisoned.
The gelid corrupter is engulfed in poison gas.
The gelid corrupter looks as sick as possible!
The gelid corrupter mumbles some strange prayers to Lugonu.
You feel yourself wasting away.
You feel your body start to fall apart.
You block the torturous warmonger's attack.
The ynoxinul is engulfed in freezing vapours.
You block the ynoxinul's attack.
The apocalypse crab is engulfed in poison gas.
The apocalypse crab looks even sicker.
You block the apocalypse crab's attack. The apocalypse crab misses you.
The reaper hits you from afar with a +2 scythe of venom!!
You die...

.......▓▓
........☼▓▓
........§§▓▓
........5°2▓▓
........○263▓▓
........526t@▓
....6...3324▓▓
.....6..§56▓▓
.........2▓▓
.........▓▓
....▓▓ .8▓


You could see a torturous warmonger, 2 reapers, a balrug, a gelid corrupter, a
monstrous black sun, a shadow demon, an apocalypse crab, an ice devil, a
tormentor, a neqoxec, 2 ynoxinuls and 3 ufetubi.

Vanquished Creatures
  the Royal Jelly (Slime:5)
  A pandemonium lord (Zig:18)
  6 ancient liches
  The ghost of Fueclu the Metallomancer, a master GrEE of Vehumet (Vaults:4)
  3 orbs of fire
  Mennas (Crypt:3)
  2 juggernauts
  The ghost of Awazaost the Conqueror, a veteran MiBe of Trog (Vaults:3)
  Margery (Depths:2)
  the Lernaean hydra (Swamp:4)
  5 Killer Klowns
  Xtahua (Depths:5)
  A shard shrike (Zig:11)
  Bai Suzhen (Swamp:4)
  Saint Roka (Vaults:5)
  2 curse toes
  the Enchantress (Depths:3)
  6 golden dragons
  Nikola (Snake:3)
  A profane servitor (Abyss:3)
  A bone dragon (Depths:5)
  A Tzitzimitl (Zig:18)
  3 electric golems
  A Brimstone Fiend (Zig:14)
  3 Ice Fiends
  A Hell Sentinel (Zig:18)
  12 tentacled monstrosities
  7 quicksilver dragons
  The ghost of Ebitiga the Spry, an adept SpEn of Kikubaaqudgha (Elf:2)
  3 deep elf blademasters
  4 deep elf master archers
  15 titans
  13 liches
  27 acid blobs
  3 Executioners (Zig:18)
  A quicksilver dragon (shapeshifter) (Zig:12)
  8 death cobs
  7 ancient champions
  4 thorn hunters
  8 tentacled starspawn
  3 sphinxes
  13 storm dragons
  17 azure jellies
  9 tengu reavers
  14 shadow dragons
  11 revenants
  A daeva (Abyss:3)
  9 draconian monks
  An azure jelly (shapeshifter) (Zig:12)
  12 deep elf sorcerers
  7 nagarajas
  16 vault wardens
  2 iron dragons
  21 fire giants
  8 ghost moths
  A warmonger (Zig:18)
  6 draconian knights
  26 frost giants
  9 balrugs
  A juggernaut zombie (Zig:14)
  8 draconian scorchers
  A cacodemon (Abyss:3)
  6 deep elf elementalists
  Aizul (Vaults:1)
  3 ghouls (Crypt:2)
  7 curse skulls
  2 black suns (Zig:18)
  3 draconian stormcallers
  A caustic shrike zombie (Zig:14)
  5 reapers
  21 ironheart preservers
  2 orc warlords
  3 war gargoyles
  12 draconian shifters
  A juggernaut skeleton (Depths:3)
  5 draconian annihilators
  A caustic shrike skeleton (Depths:3)
  39 stone giants
  A spriggan defender (Depths:3)
  12 very ugly things
  23 green draconians
  12 vampire knights
  An ophan (Abyss:2)
  6 lorocyprocas
  4 deep elf demonologists
  12 white draconians
  13 black draconians
  20 red draconians
  The ghost of Azies the Nimble, a journeyman SpBe of Trog (Depths:3)
  5 spark wasps
  7 deep elf annihilators
  16 yellow draconians
  12 purple draconians
  A minotaur (Gauntlet)
  A spark wasp (shapeshifter) (Vaults:5)
  A green death (Zig:3)
  11 eidola
  10 ettins
  2 merfolk javelineers (Zig:13)
  3 blizzard demons
  A crystal guardian (Vaults:2)
  9 deep elf death magi
  8 death oozes
  7 deep elf high priests
  11 yaktaur captains
  13 fire dragons
  17 jiangshi
  13 rakshasas
  5 spriggan air magi
  20 hydras
  A spectral quicksilver dragon (Crypt:3)
  16 great orbs of eyes
  18 ice dragons
  30 vault guards
  A monstrous demonspawn (Depths:5)
  A hydra (shapeshifter) (Vaults:5)
  6 anacondas
  14 naga warriors
  A hell beast (Zig:18)
  5 shambling mangroves
  Erica (Lair:2)
  10 centaur warriors
  2 juggernaut simulacra (Depths:3)
  An alligator snapping turtle (Zig:13)
  3 ghost crabs
  3 catoblepae
  A merfolk aquamancer (Zig:13)
  31 two-headed ogres
  3 satyrs (Depths:3)
  A spectral fire giant (Crypt:3)
  A merfolk avatar (Zig:13)
  34 dancing weapons
  8 death knights
  4 hell hogs (Abyss:2)
  14 alligators
  11 deep troll shamans
  19 ogre magi
  17 vampire magi
  6 death yaks (Lair:6)
  5 tengu warriors
  A titan zombie (Depths:1)
  7 shock serpents
  A spectral storm dragon (Crypt:3)
  19 thrashing horrors
  4 soul eaters
  Sonja (Lair:6)
  10 deep troll earth magi
  10 orc high priests
  9 naga sharpshooters
  11 spriggan berserkers
  4 hell knights
  37 deep elf knights
  5 sun demons
  9 spriggans
  22 wretched stars
  4 sixfirhies
  A fire crab (shapeshifter) (Abyss:1)
  35 skeletal warriors
  A death drake (Abyss:3)
  3 sea snakes (Zig:13)
  6 spatial maelstroms
  3 storm dragon skeletons (Zig:14)
  4 salamander mystics
  2 iron trolls (shapeshifter) (Zig:12)
  2 titan skeletons
  20 shadow wraiths
  A spark wasp zombie (Zig:14)
  10 glowing orange brains
  10 flayed ghosts
  22 deep trolls
  A sea snake (shapeshifter) (Elf:1)
  14 swamp dragons
  2 unseen horrors (Abyss:1)
  An anaconda zombie (Crypt:1)
  2 unseen horrors (shapeshifter)
  11 wizards
  37 starcursed masses
  5 iron trolls
  A glowing orange brain (shapeshifter) (Abyss:2)
  2 torturous demonspawn (Orc:2)
  A spriggan druid (Swamp:2)
  25 orc knights
  3 orange crystal statues (Zig:12)
  14 ironbrand convokers
  34 phantasmal warriors
  4 naga ritualists
  A shadow dragon zombie (Depths:1)
  A swamp dragon (shapeshifter) (Depths:1)
  An obsidian statue (Zig:12)
  35 deep elf archers
  9 necromancers
  99 deep elf magi
  2 frost giant zombies
  3 orb spiders (Zig:4)
  5 wolf spiders
  5 harpies
  8 mana vipers
  2 spectral ettins (Crypt:3)
  2 iron dragon zombies
  A sphinx zombie (Depths:1)
  14 salamanders
  26 ugly things
  12 shining eyes
  A stone giant zombie (Depths:1)
  10 orc sorcerers
  6 worldbinders
  6 fauns (Depths:3)
  3 frost giant skeletons
  9 elephants
  Maurice (D:11)
  10 cyclopes
  An iron dragon skeleton (Depths:1)
  8 manticores
  22 moths of wrath
  31 black mambas
  A centaur zombie (D:12)
  3 ice statues
  6 apocalypse crabs
  5 eyes of devastation
  2 merfolk sirens (Zig:13)
  24 naga magi
  A guardian serpent (Abyss:3)
  20 vault sentinels
  3 fire giant skeletons
  A molten gargoyle (Gauntlet)
  A torpor snail (Zig:6)
  10 smoke demons
  A torpor snail (shapeshifter) (Elf:2)
  2 spriggan zombies
  4 water nymphs
  4 rust devils
  20 spiny frogs
  44 yaktaurs
  An elephant slug zombie (Crypt:1)
  2 hellions
  3 orange demons
  7 centaur skeletons
  A shock serpent skeleton (Crypt:3)
  35 small abominations
  5 gargoyles
  A spiny frog (shapeshifter) (Vaults:2)
  A catoblepas zombie (Crypt:3)
  4 kobold demonologists
  2 minotaur zombies (Gauntlet)
  3 human zombies
  A rime drake (shapeshifter) (Vaults:4)
  4 rime drakes
  3 tormentors
  2 demonic crawlers
  A komodo dragon (shapeshifter) (Vaults:4)
  A redback zombie (D:14)
  4 catoblepas skeletons (Abyss:3)
  24 freezing wraiths
  An efreet (Abyss:3)
  A guardian mummy (Zig:2)
  3 ice devils
  5 red devils
  5 komodo dragons
  9 hellwings
  13 ancient zymes
  A green draconian skeleton (Crypt:2)
  A merfolk (shapeshifter) (Vaults:5)
  2 silent spectres (Abyss:3)
  2 tengu conjurers
  2 jumping spiders (Zig:6)
  5 merfolk (Zig:13)
  16 trolls
  A tengu simulacrum (Vaults:2)
  A minotaur skeleton (Crypt:3)
  A jumping spider (shapeshifter) (Vaults:1)
  Prince Ribbit (D:5)
  9 tyrant leeches
  3 wind drakes (Zig:13)
  2 polar bears
  32 raiju
  A raiju (shapeshifter) (Vaults:2)
  6 bog bodies
  A harpy skeleton (Crypt:2)
  21 hornets
  A dream sheep (shapeshifter) (Depths:1)
  2 elf zombies (Zig:14)
  19 blink frogs
  8 hippogriffs
  A death drake skeleton (Crypt:3)
  2 frost giant simulacra
  99 slime creatures
  2 snapping turtles (Zig:13)
  A black mamba zombie (Crypt:3)
  5 air elementals
  2 redbacks
  An ettin skeleton (Depths:1)
  7 water elementals
  Sigmund (D:5)
  A vampire (D:12)
  An alligator skeleton (Crypt:1)
  14 shadows
  6 wyverns
  17 flying skulls
  26 large abominations
  9 ynoxinuls
  20 wraiths
  A centaur simulacrum (Gauntlet)
  2 fire bats (Abyss:2)
  5 fire elementals
  Eustachio (D:5)
  4 hogs (D:8)
  A human (D:8)
  39 yaks
  3 yaks (shapeshifter)
  A tarantella (Zig:6)
  An ushabti (Zig:2)
  6 basilisks
  10 chaos spawn
  Grum (D:9)
  4 hungry ghosts
  24 vampire mosquitoes
  A human simulacrum (Vaults:3)
  8 golden eyes
  9 neqoxecs
  3 wargs
  A harpy simulacrum (Crypt:2)
  20 spatial vortices
  14 swamp worms
  8 insubstantial wisps
  38 nagas
  2 soldier ants
  4 acid dragons
  2 hell hounds
  A hydra simulacrum (Crypt:2)
  A water moccasin (shapeshifter) (Depths:5)
  A monstrous demonspawn skeleton (Crypt:1)
  18 water moccasins
  A meliai simulacrum (Gauntlet)
  A torturous demonspawn skeleton (Crypt:3)
  9 porcupines
  A floating eye (shapeshifter) (Zig:12)
  2 sky beasts
  13 swamp drakes
  72 orc warriors
  16 ice beasts
  4 black bears
  2 ettin simulacra
  An eye of draining (shapeshifter) (Vaults:5)
  A phantom (D:14)
  An ice dragon simulacrum (Gauntlet)
  4 necrophages
  15 eyes of draining
  35 ogres
  A lindwurm zombie (Crypt:3)
  8 wolves
  An alligator simulacrum (Crypt:1)
  17 boggarts
  A crocodile (shapeshifter) (Elf:3)
  9 crocodiles
  A snapping turtle skeleton (Crypt:1)
  11 centaurs
  A blink frog skeleton (Crypt:1)
  8 big kobolds
  31 bullfrogs
  A komodo dragon skeleton (Crypt:3)
  A hippogriff skeleton (Crypt:2)
  A wyvern zombie (D:11)
  A gnoll sergeant (D:12)
  A human skeleton (Vaults:1)
  15 earth elementals
  A water moccasin skeleton (Crypt:2)
  6 scorpions
  A wyvern skeleton (D:13)
  10 killer bees
  A warg skeleton (Crypt:1)
  A troll skeleton (Crypt:2)
  2 spriggan skeletons
  21 wights
  5 howler monkeys
  A bullfrog zombie (D:10)
  10 crimson imps
  8 quasits
  9 hounds
  Crazy Yiuf (D:7)
  42 orc priests
  3 jellies
  19 orc wizards
  2 bullfrog skeletons
  5 iron imps
  12 worker ants
  Natasha (thrice) (D:3)
  A basilisk skeleton (Crypt:3)
  8 iguanas
  3 hell rats (D:8)
  A porcupine skeleton (Crypt:2)
  An acid dragon skeleton (Crypt:1)
  A big kobold skeleton (Crypt:2)
  A howler monkey zombie (D:6)
  2 worker ant zombies
  Robin (D:3)
  13 gnolls
  24 adders
  8 river rats
  7 shadow imps
  A swamp drake skeleton (Crypt:1)
  3 white imps
  2 ufetubi
  2 oozes
  2 worms
  3 dart slugs
  A leopard gecko (D:3)
  126 orcs
  3 giant cockroaches
  17 goblins
  13 hobgoblins
  8 jackals
  A quokka (D:7)
  2 ball pythons
  7 bats
  6 frilled lizards
  A giant cockroach zombie (D:2)
  2 jackal skeletons
  18 kobolds
  A leopard gecko skeleton (Crypt:1)
  24 rats
  5 briar patches
  5 crawling corpses (Elf:1)
  4 fungi
  2 lurking horrors (Abyss:3)
  33 plants
  2 starspawn tentacles
3476 creatures vanquished.

Vanquished Creatures (collateral kills)
  An Ice Fiend (Zig:11)
  A draconian knight (Zig:11)
  A naga warrior (Snake:4)
  A naga ritualist (Snake:4)
  2 naga magi (Snake:4)
6 creatures vanquished.

Vanquished Creatures (others)
  3 deep elf master archers
  A tentacled starspawn (Abyss:3)
  An alligator (Swamp:3)
  A vampire mage (Depths:3)
  A deep elf archer (Elf:1)
  An orb spider (Zig:4)
  A deep elf mage (Slime:4)
  2 large abominations (Abyss:3)
  2 yaktaurs (Vaults:5)
  2 golden eyes (Abyss:2)
  An orc warrior (Orc:1)
  A quasit (Abyss:3)
  An iguana (Lair:2)
  4 orcs (Elf:1)
  2 briar patches (Depths:3)
  3 bushes
  14 demonic plants (Gauntlet)
  2 fungi
  A lurking horror (Abyss:2)
  54 plants
  8 starspawn tentacles
  3 withered plants (Gauntlet)
109 creatures vanquished.

Grand Total: 3591 creatures vanquished

Notes
Turn   | Place    | Note
-------+----------+-------------------------------------------
     0 | D:1      | Inarius the Demonspawn Fighter began the quest for the Orb.
     0 | D:1      | Reached XP level 1. HP: 18/18 MP: 1/1
   105 | D:1      | Reached skill level 2 in Axes
   105 | D:1      | Gained mutation: You are partially covered in iridescent
                  | scales. (AC +2) [demonic ancestry]
   105 | D:1      | Reached XP level 2. HP: 24/24 MP: 2/2
   919 | D:1      | Reached XP level 3. HP: 28/29 MP: 3/3
  1547 | D:2      | Reached XP level 4. HP: 34/35 MP: 4/4
  1587 | D:2      | Reached skill level 3 in Axes
  2040 | D:3      | Noticed Natasha
  2046 | D:3      | Killed Natasha
  2056 | D:3      | Noticed an ogre
  2125 | D:3      | Noticed Robin
  2166 | D:3      | Reached XP level 5. HP: 38/41 MP: 5/5
  2443 | D:4      | Found Jyofyoff's Food Emporium.
  2458 | D:4      | Reached skill level 4 in Axes
  2627 | D:4      | Found a staircase to the Ecumenical Temple.
  2633 | Temple   | Entered the Ecumenical Temple
  2739 | Temple   | Became a worshipper of Warmaster Okawaru
  3386 | D:4      | Gained mutation: You have sharp toenails. [demonic
                  | ancestry]
  3386 | D:4      | Reached XP level 6. HP: 47/47 MP: 6/6
  3423 | D:4      | Found a basalt altar of Yredelemnul.
  3423 | D:4      | Found a deep blue altar of Sif Muna.
  3466 | D:4      | Found an ancient bone altar of Kikubaaqudgha.
  3592 | D:5      | Entered Level 5 of the Dungeon
  3677 | D:5      | Noticed Prince Ribbit
  4081 | D:5      | Reached skill level 5 in Axes
  4089 | D:5      | Noticed Eustachio
  4135 | D:5      | Noticed Sigmund
  4263 | D:5      | Killed Eustachio
  4263 | D:5      | Gained mutation: You sometimes gain a little power by
                  | taking damage. [demonic ancestry]
  4263 | D:5      | Reached XP level 7. HP: 24/53 MP: 7/7
  4551 | D:5      | Reached * piety under Okawaru
  4560 | D:5      | Reached skill level 6 in Axes
  4790 | D:3      | Killed Robin
  4885 | D:3      | Noticed Natasha
  4891 | D:3      | Killed Natasha
  5137 | D:3      | Noticed Natasha
  5141 | D:3      | Killed Natasha
  5271 | D:5      | Killed Sigmund
  5271 | D:5      | Reached ** piety under Okawaru
  5271 | D:5      | Gained mutation: You sometimes gain power by taking damage.
                  | [demonic ancestry]
  5271 | D:5      | Reached XP level 8. HP: 60/60 MP: 8/8
  5539 | D:5      | Found a stormy altar of Qazlal.
  5556 | D:5      | Killed Prince Ribbit
  5556 | D:5      | Reached skill level 7 in Axes
  5556 | D:5      | Reached skill level 1 in Invocations
  5679 | D:6      | Reached skill level 1 in Evocations
  6128 | D:7      | Identified the Handbook of Earth and Poison
  6226 | D:7      | Reached *** piety under Okawaru
  6278 | D:7      | Reached skill level 8 in Axes
  6387 | D:7      | Gained mutation: You are slightly more attuned to the
                  | shadows. [demonic ancestry]
  6387 | D:7      | Reached XP level 9. HP: 53/66 MP: 11/11
  6797 | D:7      | Found a runed translucent door.
  6798 | D:7      | Noticed Crazy Yiuf
  6803 | D:7      | Killed Crazy Yiuf
  6951 | D:8      | Found a shattered altar of Ashenzari.
  7184 | D:8      | Found the +2 ratskin cloak {+Rats rPois rN+ Str-1 Int-1
                  | Dex+1}
  7319 | D:8      | Reached **** piety under Okawaru
  7319 | D:8      | Reached skill level 9 in Axes
  7409 | D:8      | Reached skill level 5 in Armour
  7418 | D:8      | Reached skill level 5 in Fighting
  7425 | D:8      | Reached skill level 5 in Shields
  7630 | D:8      | Found a staircase to the Lair.
  7631 | D:8      | Noticed a komodo dragon
  7715 | D:8      | Reached skill level 5 in Invocations
  7815 | D:8      | Killed a komodo dragon
  8044 | D:9      | Gained mutation: You are powered by pain. [demonic
                  | ancestry]
  8044 | D:9      | Reached XP level 10. HP: 51/74 MP: 13/13
  8183 | D:9      | Reached skill level 10 in Axes
  8391 | D:9      | Reached ***** piety under Okawaru
  8642 | D:9      | Noticed Grum
  8674 | D:9      | Killed Grum
  8674 | D:9      | Reached skill level 11 in Axes
  8697 | D:9      | Found a burning altar of Makhleb.
  8871 | D:10     | Entered Level 10 of the Dungeon
  8913 | D:10     | Noticed a gargoyle
  8933 | D:10     | Killed a gargoyle
  9224 | D:10     | Reached skill level 5 in Evocations
  9655 | D:10     | Noticed a two-headed ogre
  9669 | D:10     | Received a gift from Okawaru
  9669 | D:10     | Reached XP level 11. HP: 73/81 MP: 15/15
  9671 | D:10     | Killed a two-headed ogre
  9700 | D:10     | Found a staircase to the Orcish Mines.
  9869 | D:11     | Reached skill level 12 in Axes
 10267 | D:11     | Noticed Maurice
 10279 | D:11     | Killed Maurice
 10353 | D:11     | Found a portal to a secret trove of treasure.
 11065 | Lair:1   | Entered Level 1 of the Lair of Beasts
 11085 | Lair:1   | Found a frozen archway.
 11098 | IceCv    | Entered an ice cave
 11257 | IceCv    | Received a gift from Okawaru
 11347 | IceCv    | Reached skill level 13 in Axes
 11951 | IceCv    | Noticed an ice dragon
 11951 | IceCv    | Noticed an ice dragon
 11964 | IceCv    | Killed an ice dragon
 11964 | IceCv    | Reached XP level 12. HP: 49/89 MP: 9/16
 12049 | IceCv    | Killed an ice dragon
 12594 | Lair:1   | Noticed a four-headed hydra
 12601 | Lair:1   | Killed a six-headed hydra
 13125 | Lair:2   | Noticed Erica
 13160 | Lair:2   | Killed Erica
 13160 | Lair:2   | Reached skill level 14 in Axes
 13355 | Lair:2   | Received a gift from Okawaru
 13557 | Lair:2   | Found a staircase to the Swamp.
 14001 | Lair:3   | Noticed an eight-headed hydra
 14325 | Lair:3   | Killed an eight-headed hydra
 14522 | Lair:3   | Reached XP level 13. HP: 96/96 MP: 18/18
 14915 | Lair:4   | Found a staircase to the Snake Pit.
 14923 | Lair:4   | Reached skill level 1 in Stealth
 15217 | Lair:4   | Reached ****** piety under Okawaru
 15277 | Lair:4   | Received a gift from Okawaru
 15601 | Lair:5   | Reached skill level 15 in Axes
 15605 | Lair:5   | You fall through a shaft!
 15605 | Lair:6   | Entered Level 6 of the Lair of Beasts
 15618 | Lair:6   | Noticed Sonja
 15712 | Lair:6   | Killed Sonja
 16085 | Lair:6   | Received a gift from Okawaru
 16108 | Lair:6   | Reached XP level 14. HP: 56/106 MP: 15/20
 16110 | Lair:6   | Received a gift from Okawaru
 16110 | Lair:6   | Reached skill level 16 in Axes
 16303 | Lair:6   | Found a staircase to the Slime Pits.
 16738 | Lair:5   | Got a pair of pitted boots
 16746 | Lair:5   | Identified the +0 pair of boots of the Marlin {rElec rC+
                  | Int-2 SInv} (You found it on level 5 of the Lair of Beasts)
 17891 | Orc:1    | Entered Level 1 of the Orcish Mines
 18217 | Orc:1    | Noticed a stone giant
 18337 | Orc:1    | Killed a stone giant
 18337 | Orc:1    | Received a gift from Okawaru
 18411 | Orc:1    | You fall through a shaft!
 18411 | Orc:2    | Entered Level 2 of the Orcish Mines
 18592 | Orc:1    | Found a bloodstained altar of Trog.
 18989 | Orc:2    | Found a roughly hewn altar of Beogh.
 19150 | Orc:2    | Found a staircase to the Elven Halls.
 19346 | Orc:2    | Reached skill level 1 in Dodging
 19443 | Orc:2    | Found Kak Jer's General Store.
 19632 | Orc:2    | Found Gyagauva's Magic Scroll Boutique.
 19698 | Orc:2    | Bought a scroll of blinking for 82 gold pieces
 19698 | Orc:2    | Bought a scroll of blinking for 82 gold pieces
 19698 | Orc:2    | Bought a scroll of identify for 22 gold pieces
 19704 | Orc:2    | Bought a scroll of identify for 30 gold pieces
 19777 | Orc:2    | Reached skill level 10 in Invocations
 20252 | Orc:2    | Received a gift from Okawaru
 20661 | Orc:2    | Found Vekequdgh's Antique Armour Emporium.
 20661 | Orc:2    | Found Waunn's Gadget Shoppe.
 20661 | Orc:2    | Found a one-way gate leading to the halls of Pandemonium.
 20690 | Orc:2    | Bought a wand of iceblast (12) for 272 gold pieces
 20690 | Orc:2    | Bought a wand of acid (13) for 578 gold pieces
 20894 | Orc:2    | Bought a bronze scale mail for 297 gold pieces
 20896 | Orc:2    | Identified the +6 scale mail of Sovereignty {MR+} (You
                  | bought it in a shop on level 2 of the Orcish Mines)
 21052 | D:12     | Found a gate leading to a gauntlet.
 21061 | Gauntlet | Entered a Gauntlet
 21061 | Gauntlet | Found a transporter.
 21061 | Gauntlet | Found a transporter.
 21068 | Gauntlet | Found a transporter.
 21076 | Gauntlet | Found a transporter.
 21086 | Gauntlet | Found a transporter.
 21089 | Gauntlet | Found a transporter.
 21093 | Gauntlet | Found a transporter.
 21116 | Gauntlet | Found a transporter.
 21124 | Gauntlet | Found a transporter.
 21136 | Gauntlet | Found a transporter.
 21146 | Gauntlet | Found a transporter.
 21158 | Gauntlet | Found a transporter.
 21192 | Gauntlet | Found a transporter.
 21216 | Gauntlet | Found a transporter.
 21308 | Gauntlet | Found a transporter.
 21322 | Gauntlet | Found a transporter.
 21513 | Gauntlet | Got a crude bronze ring
 21515 | Gauntlet | Identified the ring of Oryh {-Tele rPois rC+ Int-2 Stlth+}
                  | (You found it in a Gauntlet)
 21575 | Gauntlet | Reached skill level 17 in Axes
 21631 | Gauntlet | Got a crude graven amulet
 21856 | Gauntlet | Got a shimmering ring mail
 21897 | Gauntlet | Reached XP level 15. HP: 106/113 MP: 22/22
 21979 | D:12     | Identified the +9 ring mail of Untold Secrets {rElec rC-
                  | Int+3 Dex+3} (You found it in a Gauntlet)
 22393 | D:12     | Found Jopudoku's General Store.
 23476 | D:13     | Identified the amulet "Meaco" {Inacc *Contam rC++ Int+4}
                  | (You found it in a Gauntlet)
 23763 | D:13     | Found a gate to the Vaults.
 23954 | D:14     | Received a gift from Okawaru
 24103 | D:14     | Found Rall's Assorted Antiques.
 24215 | D:14     | You fall through a shaft!
 24215 | D:15     | Entered Level 15 of the Dungeon
 24523 | D:14     | Reached skill level 18 in Axes
 24908 | D:14     | Bought 2 scrolls of enchant weapon for 465 gold pieces
 25072 | D:14     | Identified the +3 ring mail of the Bulwark {rF+} (You found
                  | it on level 14 of the Dungeon)
 25387 | D:15     | Reached skill level 10 in Evocations
 25676 | D:15     | Found a staircase to the Depths.
 25676 | D:15     | Noticed a fire giant
 26007 | D:15     | Killed a fire giant
 26455 | Swamp:1  | Entered Level 1 of the Swamp
 26688 | Swamp:1  | Received a gift from Okawaru
 26965 | Swamp:1  | Reached XP level 16. HP: 122/122 MP: 23/23
 27181 | Swamp:2  | Reached skill level 10 in Fighting
 28120 | Swamp:3  | HP: 4/122 [swamp worm (16)]
 28405 | Swamp:3  | Received a gift from Okawaru
 28748 | Swamp:3  | Noticed a thorn hunter
 28767 | Swamp:3  | Killed a thorn hunter
 29130 | Swamp:4  | Entered Level 4 of the Swamp
 29272 | Swamp:4  | Noticed Bai Suzhen
 29295 | Swamp:4  | Killed Bai Suzhen
 29295 | Swamp:4  | Noticed a tentacled monstrosity
 29317 | Swamp:4  | Killed a tentacled monstrosity
 29317 | Swamp:4  | Received a gift from Okawaru
 30005 | Swamp:4  | Received a gift from Okawaru
 30007 | Swamp:4  | Noticed a thorn hunter
 30017 | Swamp:4  | Killed a thorn hunter
 30017 | Swamp:4  | Gained mutation: You are mostly covered in iridescent
                  | scales. (AC +4) [demonic ancestry]
 30017 | Swamp:4  | Reached XP level 17. HP: 131/131 MP: 25/25
 30025 | Swamp:4  | Noticed the 27-headed Lernaean hydra
 30036 | Swamp:4  | Killed the 21-headed Lernaean hydra
 30036 | Swamp:4  | Reached skill level 19 in Axes
 30036 | Swamp:4  | Reached skill level 10 in Shields
 30210 | Swamp:4  | Identified a scroll of acquirement
 30679 | Swamp:4  | Got a decaying rune of Zot
 30986 | Snake:1  | Entered Level 1 of the Snake Pit
 31526 | Snake:1  | Reached skill level 5 in Dodging
 31691 | Snake:1  | Found Gul Vuk's Gadget Shoppe.
 32221 | Snake:2  | Found a radiant altar of Vehumet.
 32893 | Snake:2  | Found Dev Etur's Jewellery Shoppe.
 32893 | Snake:2  | Found Rucras's Gadget Boutique.
 32894 | Snake:2  | Found Ewka's Gadget Boutique.
 32905 | Snake:2  | Bought the ring of Xom's Fair Game {rN+ Str+7} for 583 gold
                  | pieces
 33260 | Snake:3  | Noticed Nikola
 33270 | Snake:3  | Killed Nikola
 33354 | Snake:3  | Received a gift from Okawaru
 33547 | Snake:3  | Identified the ring "Xif Vioh" {rF+ Str-5 Dex+6} (You
                  | acquired it on level 3 of the Snake Pit)
 33908 | Snake:4  | Entered Level 4 of the Snake Pit
 33921 | Snake:4  | Found Zuosacsi's Antique Weapon Boutique.
 33968 | Snake:4  | Noticed Mara
 33973 | Snake:4  | Noticed Inarius's illusion
 34308 | Snake:4  | Received a gift from Okawaru
 34425 | Snake:4  | Gained mutation: You have razor-sharp toenails. [demonic
                  | ancestry]
 34425 | Snake:4  | Reached XP level 18. HP: 140/140 MP: 26/26
 34584 | Snake:4  | Received a gift from Okawaru
 34898 | Snake:4  | Got a serpentine rune of Zot
 35239 | Vaults:1 | Entered Level 1 of the Vaults
 35570 | Vaults:1 | Noticed Aizul
 35596 | Vaults:1 | Killed Aizul
 35596 | Vaults:1 | Received a gift from Okawaru
 36255 | Vaults:1 | Received a gift from Okawaru
 36547 | Vaults:1 | Reached skill level 20 in Axes
 37234 | Vaults:2 | Reached XP level 19. HP: 103/148 MP: 28/28
 37760 | Vaults:2 | Received a gift from Okawaru
 37782 | Vaults:2 | Reached skill level 5 in Stealth
 37947 | Vaults:2 | Got a slimy hat {god gift}
 37959 | Vaults:2 | Identified the +0 hat of the Hart {rF+ Str+5 Int+3 Stlth+}
                  | (Okawaru gifted it to you on level 2 of the Vaults)
 39054 | Vaults:3 | Found a runed translucent gate.
 39054 | Vaults:3 | Found a runed translucent gate.
 39054 | Vaults:3 | Found a runed translucent gate.
 39060 | Vaults:3 | Noticed Awazaost's ghost (veteran MiBe)
 39062 | Vaults:3 | Identified the cursed +1 plate armour "Jaowkeuk" {+Blink}
 39684 | Vaults:3 | Found a staircase to the Crypt.
 39805 | Vaults:3 | Received a gift from Okawaru
 39864 | Vaults:3 | Identified the +5 chain mail of Kuufaula {MP+9} (Okawaru
                  | gifted it to you on level 3 of the Vaults)
 40095 | Vaults:3 | Killed Awazaost's ghost
 40095 | Vaults:3 | Gained mutation: You are significantly more attuned to the
                  | shadows. [demonic ancestry]
 40095 | Vaults:3 | Reached XP level 20. HP: 138/158 MP: 13/29
 40122 | Vaults:3 | Found a roughly hewn altar of Beogh.
 40759 | Vaults:4 | Reached skill level 21 in Axes
 40801 | Vaults:4 | Reached skill level 10 in Armour
 40993 | Vaults:4 | Received a gift from Okawaru
 41584 | Vaults:4 | Found a runed translucent door.
 41856 | Vaults:4 | Noticed Fueclu's ghost (master GrEE)
 42230 | Elf:1    | Entered Level 1 of the Elven Halls
 42430 | Elf:1    | Found a runed translucent gate.
 42430 | Elf:1    | Found a runed translucent gate.
 42430 | Elf:1    | Found a runed translucent gate.
 42524 | Elf:1    | Found a runed translucent gate.
 42524 | Elf:1    | Found a runed translucent gate.
 42524 | Elf:1    | Found a runed translucent gate.
 42883 | Elf:1    | Found a gateway to a bazaar.
 42892 | Bazaar   | Entered a bazaar
 42900 | Bazaar   | Found Ademp's Assorted Antiques.
 42906 | Bazaar   | Found Plog's Armour Shoppe.
 42915 | Bazaar   | Found Matucw's Antique Weapon Boutique.
 42918 | Bazaar   | Found Raruts's Armour Emporium.
 42933 | Bazaar   | Found Cippupyo's Distillery.
 42939 | Bazaar   | Bought a potion of heal wounds for 60 gold pieces
 42939 | Bazaar   | Bought a potion of heal wounds for 60 gold pieces
 42939 | Bazaar   | Bought a potion of haste for 120 gold pieces
 42965 | Bazaar   | Bought a +0 large shield of protection for 218 gold pieces
 43517 | Elf:2    | Received a gift from Okawaru
 43532 | Elf:2    | Found a large runed translucent door.
 43532 | Elf:2    | Found a large runed translucent door.
 43562 | Elf:2    | Found a large runed translucent door.
 43562 | Elf:2    | Found a large runed translucent door.
 43662 | Elf:2    | Found Lyw Noa's Armour Shoppe.
 43686 | Elf:2    | Bought the +0 pair of fencer's gloves {Riposte Dex+3} for
                  | 560 gold pieces
 43686 | Elf:2    | Found the +0 pair of fencer's gloves {Riposte Dex+3}
 43713 | Elf:2    | Found a radiant altar of Vehumet.
 43725 | Elf:2    | Found a runed translucent gate.
 43725 | Elf:2    | Found a runed translucent gate.
 43725 | Elf:2    | Found a runed translucent gate.
 43725 | Elf:2    | Noticed Ebitiga's ghost (adept SpEn)
 44201 | Elf:2    | Gained mutation: You have claws for feet. [demonic
                  | ancestry]
 44201 | Elf:2    | Reached XP level 21. HP: 166/166 MP: 30/30
 44642 | Elf:2    | Killed Ebitiga's ghost
 44642 | Elf:2    | Received a gift from Okawaru
 44651 | Elf:2    | Got a crude war axe {god gift}
 44652 | Elf:2    | Identified the +6 war axe "Osuonket" {flame, *Corrode *Slow
                  | Str+8 SInv} (Okawaru gifted it to you on level 2 of the
                  | Elven Halls)
 45015 | Crypt:1  | Entered Level 1 of the Crypt
 45344 | Crypt:1  | Reached skill level 15 in Fighting
 45884 | Crypt:1  | Received a gift from Okawaru
 46037 | Crypt:2  | Received a gift from Okawaru
 46056 | Crypt:2  | Reached skill level 22 in Axes
 46603 | Crypt:2  | Received a gift from Okawaru
 46623 | Crypt:2  | Got a twisted scale mail {god gift}
 46624 | Crypt:2  | Identified the +4 scale mail "Yfuej" {Dex+2} (Okawaru
                  | gifted it to you on level 2 of the Crypt)
 47016 | Crypt:3  | Entered Level 3 of the Crypt
 47189 | Crypt:3  | Found a staircase to the Tomb.
 47221 | Crypt:3  | Reached skill level 15 in Shields
 47229 | Crypt:3  | Gained mutation: You are completely covered in iridescent
                  | scales. (AC +6) [demonic ancestry]
 47229 | Crypt:3  | Reached XP level 22. HP: 80/177 MP: 31/31
 47622 | Crypt:3  | Noticed Mennas
 47657 | Crypt:3  | Killed Mennas
 47844 | Crypt:3  | Found a basalt altar of Yredelemnul.
 47910 | Crypt:3  | Identified the ring of the Duchess {+Fly rF+ Str+2}
 48463 | Crypt:3  | Received a gift from Okawaru
 48991 | Crypt:3  | Identified the Collected Works on Stolen Souls
 49315 | Depths:1 | Entered Level 1 of the Depths
 49689 | Depths:1 | Found a gateway to Hell.
 49980 | Depths:1 | Received a gift from Okawaru
 50391 | Depths:2 | Noticed Margery
 50439 | Depths:1 | Reached skill level 23 in Axes
 50685 | Depths:2 | Killed Margery
 50685 | Depths:2 | Gained mutation: Your magical and physical power is
                  | slightly enhanced at high health. [demonic ancestry]
 50685 | Depths:2 | Reached XP level 23. HP: 143/185 MP: 32/32
 51010 | Depths:2 | Received a gift from Okawaru
 51014 | Depths:2 | Got a crude helmet {god gift}
 51122 | Depths:2 | Identified the +2 helmet of Light {rN+ Str+3 Slay+2}
                  | (Okawaru gifted it to you on level 2 of the Depths)
 51620 | Depths:2 | Got a slimy glass ring
 51785 | Depths:2 | Identified the ring of Fun {Int+3 Dex+3} (You found it on
                  | level 2 of the Depths)
 51786 | Depths:2 | Identified the +5 large shield "Ommiumm" {*Corrode rPois
                  | rC+ rN++ Slay+3} (You found it on level 2 of the Depths)
 52021 | Depths:3 | Found a one-way gate to the infinite horrors of the Abyss.
 52170 | Depths:3 | Found Reoliazu's Book Boutique.
 52950 | Depths:3 | Identified the +6 faerie dragon scales {rCorr Str+6 Stlth-}
 52950 | Depths:3 | Noticed the Enchantress
 52967 | Depths:3 | Killed the Enchantress
 53325 | Depths:3 | Found a runed translucent door.
 53355 | Depths:3 | Found a runed translucent door.
 53366 | Depths:3 | Noticed a juggernaut
 53372 | Depths:3 | Noticed an ancient lich
 53381 | Depths:3 | Killed a juggernaut
 53381 | Depths:3 | Received a gift from Okawaru
 53390 | Depths:3 | Killed an ancient lich
 53391 | Depths:3 | Noticed Azies's ghost (journeyman SpBe)
 53415 | Depths:3 | Killed Azies's ghost
 53988 | Depths:4 | Found a gateway to a ziggurat.
 53988 | Depths:4 | Noticed an ancient lich
 53989 | Depths:4 | Noticed an ancient lich
 54000 | Depths:4 | Killed an ancient lich
 54000 | Depths:4 | Gained mutation: Your magical and physical power is
                  | enhanced at high health. [demonic ancestry]
 54000 | Depths:4 | Reached XP level 24. HP: 186/195 MP: 32/32
 54001 | Depths:4 | Killed an ancient lich
 54276 | Depths:4 | Identified the Grimoire of Darkness
 54316 | Depths:4 | Identified the Compendium of the Bewitching Glacier
 54334 | Depths:4 | Identified the Disquisition on Earthen Poisoning
 54346 | Depths:4 | Found a deep blue altar of Sif Muna.
 54403 | Depths:4 | Identified Qantaub's Handbook of Creative Weightlessness
 54444 | Depths:4 | Reached skill level 24 in Axes
 54450 | Depths:4 | Identified Kikubaaqudgha's Compendium of Black Rites
 54452 | Depths:4 | Identified the Catalogue of Nocuous Talismans
 54466 | Depths:4 | Identified Usuxtu's Catalogue of Helpful Battle Magic
 54468 | Depths:4 | Identified the Collected Works on Good Luck
 54660 | Depths:4 | Received a gift from Okawaru
 54903 | Depths:5 | Entered Level 5 of the Depths
 54911 | Depths:5 | Reached skill level 10 in Stealth
 55043 | Depths:5 | Found a gate to the Realm of Zot.
 55061 | Depths:5 | Received a gift from Okawaru
 55130 | Depths:5 | Received a gift from Okawaru
 55326 | Depths:5 | Identified the amulet of Dibir {Faith rF+} (You acquired it
                  | on level 5 of the Depths)
 55723 | Depths:5 | Noticed Xtahua
 55728 | Depths:5 | Killed Xtahua
 55889 | Depths:5 | Learned a level 3 spell: Regeneration
 56198 | Elf:3    | Entered Level 3 of the Elven Halls
 56248 | Elf:3    | Received a gift from Okawaru
 56298 | Elf:3    | Found Unadesinn's Jewellery Shoppe.
 56308 | Elf:3    | Cast into level 2 of the Abyss (+0 hand axe of distortion)
 56387 | Abyss:2  | Reached skill level 1 in Necromancy
 56464 | Elf:3    | Escaped the Abyss
 57004 | Elf:3    | Identified the +1 leather armour of the Barracuda {rPois
                  | rC+ Dex-3}
 57013 | Elf:3    | Identified the cursed +0 pearl dragon scales of Muleysy
                  | {+Blink rPois rN+}
 57014 | Elf:3    | Gained mutation: Your magical and physical power is greatly
                  | enhanced at high health. [demonic ancestry]
 57014 | Elf:3    | Reached XP level 25. HP: 177/204 MP: 32/32
 57015 | Elf:3    | Identified the +2 robe "Eqaloej" {rC+}
 57017 | Elf:3    | Identified the +5 halberd "Louttiet" {flame, rF+++ rC++
                  | Str-3 Dex-5}
 57025 | Elf:3    | Received a gift from Okawaru
 57450 | Elf:3    | Identified the Guide on Feathery Ignition
 57473 | Elf:3    | Found the +9 sword of Zonguldrok {reap}
 57492 | Elf:3    | Identified Vac Piaj's Compendium of Displacement and Clay
 57496 | Elf:3    | Identified the Tome of Companions and Stolen Souls
 57521 | Elf:3    | Identified Ukhlum's Almanac of Creative Dislocation
 58297 | D:9      | Fell from the grace of Okawaru
 58297 | D:9      | Became a worshipper of Makhleb the Destroyer
 58621 | Vaults:4 | Killed Fueclu's ghost
 58757 | Vaults:5 | Entered Level 5 of the Vaults
 58877 | Vaults:5 | Identified the +2 hand axe of Pain and Death {venom, Int+2}
 59142 | Vaults:5 | Reached * piety under Makhleb
 59258 | Vaults:5 | Reached skill level 5 in Necromancy
 59268 | Vaults:5 | Identified the amulet "Vufyo" {Reflect rElec Str+4 Dex-5
                  | SH+2} (You acquired it on level 5 of the Vaults)
 59415 | Vaults:5 | Got a silver rune of Zot
 59534 | Vaults:5 | Noticed Saint Roka
 59535 | Vaults:5 | Reached ** piety under Makhleb
 60288 | Vaults:5 | Killed Saint Roka
 60288 | Vaults:5 | Reached skill level 25 in Axes
 60558 | Vaults:5 | Found Lintug's Food Emporium.
 60622 | Vaults:5 | Reached *** piety under Makhleb
 61055 | Vaults:5 | Noticed an ancient lich
 61061 | Vaults:5 | Killed an ancient lich
 61134 | Vaults:5 | Gained mutation: You are completely attuned to the shadows.
                  | [demonic ancestry]
 61134 | Vaults:5 | Reached XP level 26. HP: 205/213 MP: 33/33
 61139 | Vaults:5 | Identified the cursed +0 scimitar "Qapaopp" {vamp, rPois
                  | MR++ SInv Stlth-}
 61180 | Vaults:5 | Reached **** piety under Makhleb
 62486 | Slime:1  | Entered Level 1 of the Pits of Slime
 62567 | Slime:2  | Gained mutation: Your magical capacity is low. (-10% MP) [a
                  | shining eye]
 62635 | Slime:3  | Reached skill level 15 in Invocations
 62684 | Slime:4  | Reached skill level 10 in Dodging
 62704 | Slime:4  | Gained mutation: You are dopey. (Int -2) [a shining eye]
 62713 | Slime:4  | Gained mutation: [Your body sometimes deteriorates upon
                  | taking damage.] [a shining eye]
 62737 | Slime:4  | Lost mutation: You are dopey. (Int -2) [potion of mutation]
 62737 | Slime:4  | Lost mutation: Your magical capacity is low. (-10% MP)
                  | [potion of mutation]
 62737 | Slime:4  | Lost mutation: [Your body sometimes deteriorates upon
                  | taking damage.] [potion of mutation]
 62737 | Slime:4  | Gained mutation: You possess an exceptional clarity of
                  | mind. [potion of mutation]
 62737 | Slime:4  | Gained mutation: Your muscles are strong. (Str +2) [potion
                  | of mutation]
 62737 | Slime:4  | Gained mutation: Your muscles are very strong. (Str +4)
                  | [potion of mutation]
 62739 | Slime:5  | Entered Level 5 of the Pits of Slime
 62826 | Slime:4  | Gained mutation: You are frail. (-10% HP) [a shining eye]
 62842 | Slime:4  | Reached ***** piety under Makhleb
 63035 | Slime:5  | Noticed the Royal Jelly
 63045 | Slime:5  | Killed the Royal Jelly
 63081 | Slime:5  | Was forgiven by Okawaru
 63296 | Slime:5  | Got a slimy rune of Zot
 63361 | Slime:5  | Identified the Papyrus of the Entourage
 63761 | Lair:3   | Lost mutation: You possess an exceptional clarity of mind.
                  | [potion of mutation]
 63761 | Lair:3   | Lost mutation: You are frail. (-10% HP) [potion of
                  | mutation]
 63761 | Lair:3   | Gained mutation: You are robust. (+10% HP) [potion of
                  | mutation]
 63761 | Lair:3   | Gained mutation: You are clumsy. (Dex -2) [potion of
                  | mutation]
 63761 | Lair:3   | Gained mutation: You are resistant to hostile enchantments.
                  | (MR+) [potion of mutation]
 64160 | Depths:3 | Found a runed translucent door.
 64235 | Depths:3 | Voluntarily entered the Abyss.
 64374 | Depths:3 | Escaped the Abyss
 64376 | Depths:3 | Voluntarily entered the Abyss.
 64461 | Abyss:1  | Learned a level 6 spell: Darkness
 64513 | Depths:3 | Escaped the Abyss
 64515 | Depths:3 | Voluntarily entered the Abyss.
 64768 | Abyss:2  | Found a corrupted altar of Lugonu.
 64845 | Abyss:2  | Reached ****** piety under Makhleb
 64989 | Abyss:2  | Found a corrupted altar of Lugonu.
 65329 | Abyss:2  | Found a corrupted altar of Lugonu.
 65363 | Abyss:2  | Identified the ring of Raagoxeq {+Fly rPois} (You found it
                  | on level 2 of the Abyss)
 65527 | Abyss:2  | Reached XP level 27. HP: 245/245 MP: 30/35
 66168 | Abyss:3  | Found a corrupted altar of Lugonu.
 66503 | Abyss:3  | Found a snail-covered altar of Cheibriados.
 66917 | Abyss:3  | Reached skill level 26 in Axes
 67387 | Abyss:3  | Reached skill level 10 in Necromancy
 67956 | Abyss:3  | Got an abyssal rune of Zot
 68051 | Abyss:3  | Lost mutation: You are robust. (+10% HP) [a neqoxec]
 68194 | Depths:3 | Escaped the Abyss
 68337 | D:11     | You paid a toll of 10 potions of heal wounds to enter a
                  | treasure trove
 68338 | Trove    | Entered a treasure trove
 68407 | Trove    | Identified Sif Muna's Guide on the Entourage and
                  | Contamination
 68410 | Trove    | Identified Hyny's Collected Works on the Arsonist and
                  | Confrontation
 68949 | Zot:1    | Entered Level 1 of the Realm of Zot
 69064 | Zot:1    | Noticed an orb of fire
 69074 | Zot:1    | Killed an orb of fire
 70991 | Zot:3    | Noticed an orb of fire
 71005 | Zot:3    | Killed an orb of fire
 71348 | Zot:3    | Noticed an orb of fire
 71434 | Zot:3    | Gained mutation: Scrolls take you a little longer to read.
                  | [an orb of fire]
 71438 | Zot:3    | Killed an orb of fire
 72448 | Zot:4    | Reached skill level 15 in Dodging
 72893 | Zot:5    | Entered Level 5 of the Realm of Zot
 72953 | Zot:5    | Reached skill level 27 in Axes
 73403 | Zig:1    | Entered Level 1 of a ziggurat
 73426 | Zig:2    | Entered Level 2 of a ziggurat
 73455 | Zig:3    | Entered Level 3 of a ziggurat
 73495 | Zig:4    | Entered Level 4 of a ziggurat
 73666 | Zig:5    | Entered Level 5 of a ziggurat
 73688 | Zig:5    | Identified Anollerouf's Collected Works on Captivating
                  | Transformation
 73704 | Zig:6    | Entered Level 6 of a ziggurat
 73894 | Zig:7    | Entered Level 7 of a ziggurat
 73903 | Zig:7    | Found the +1 cloak of Starlight {rElec rC+ EV+4 Stlth--}
 73954 | Zig:8    | Entered Level 8 of a ziggurat
 73962 | Zig:8    | Noticed a juggernaut
 73974 | Zig:8    | Killed a juggernaut
 74004 | Zig:8    | Identified the +7 chain mail of Temperance {rCorr Slay+5}
                  | (You found it on level 8 of a ziggurat)
 74021 | Zig:9    | Entered Level 9 of a ziggurat
 74063 | Zig:9    | Identified the Tome of Poison and Enchantment
 74074 | Zig:10   | Entered Level 10 of a ziggurat
 74086 | Zig:10   | Reached skill level 1 in Hexes
 74134 | Zig:10   | Identified the ring "Lusotz" {MR+ Str+3 Int+2} (You found
                  | it on level 10 of a ziggurat)
 74138 | Zig:11   | Entered Level 11 of a ziggurat
 74185 | Zig:11   | Identified the cursed -2 cloak of Jitsofi {rElec MR++} (You
                  | found it on level 11 of a ziggurat)
 74200 | Zig:12   | Entered Level 12 of a ziggurat
 74259 | Zig:12   | Reached skill level 5 in Hexes
 74312 | Zig:12   | Found the amulet of the Four Winds {rN+ MR+++ Clar}
 74329 | Zig:12   | Identified the Volume of the Traveller and Lightness
 74363 | Zig:12   | Identified the amulet of Elitism {Spirit rElec rC+ Str-4
                  | Dex+2} (You found it on level 12 of a ziggurat)
 74535 | Zig:13   | Entered Level 13 of a ziggurat
 74551 | Zig:13   | Reached skill level 1 in Spellcasting
 74631 | Zig:13   | Learned a level 8 spell: Necromutation
 74635 | Zig:13   | Identified the +2 pair of gloves of Charity {Str+5} (You
                  | found it on level 13 of a ziggurat)
 74681 | Zig:13   | Identified the +1 chain mail of the True Pharaoh {MR- Str+7
                  | Int+3 Dex-2} (You found it on level 13 of a ziggurat)
 74705 | Zig:14   | Entered Level 14 of a ziggurat
 74751 | Zig:14   | Reached skill level 15 in Necromancy
 74754 | Zig:14   | Reached skill level 1 in Transmutations
 74775 | Zig:14   | Identified the Compendium of the Bewitching Snowflakes
 74799 | Zig:15   | Entered Level 15 of a ziggurat
 74819 | Zig:15   | Reached skill level 5 in Transmutations
 74827 | Zig:15   | Noticed an ancient lich
 74829 | Zig:15   | Noticed an ancient lich
 74834 | Zig:15   | Paralysed by an ancient lich for 2 turns
 74837 | Zig:15   | Killed an ancient lich
 74839 | Zig:15   | Killed an ancient lich
 74877 | Zig:15   | Identified the Tome of Hexes
 74879 | Zig:15   | Identified the Collected Works on Cloudy Aid
 74884 | Zig:15   | Identified the cursed ring of Twilight {MP+9 Int-2} (You
                  | found it on level 15 of a ziggurat)
 74893 | Zig:15   | Identified the Guide on the Oath and Feathers
 74915 | Zig:16   | Entered Level 16 of a ziggurat
 74923 | Zig:16   | Noticed a greater mummy
 74930 | Zig:16   | Lost mutation: Your muscles are very strong. (Str +4)
                  | [potion of mutation]
 74930 | Zig:16   | Lost mutation: You are resistant to hostile enchantments.
                  | (MR+) [potion of mutation]
 74930 | Zig:16   | Lost mutation: Your muscles are strong. (Str +2) [potion of
                  | mutation]
 74930 | Zig:16   | Gained mutation: Your magical capacity is low. (-10% MP)
                  | [potion of mutation]
 74930 | Zig:16   | Lost mutation: Scrolls take you a little longer to read.
                  | [potion of mutation]
 74930 | Zig:16   | Gained mutation: You evolve. [potion of mutation]
 74931 | Zig:16   | Noticed a greater mummy
 74932 | Zig:16   | Noticed a greater mummy
 74936 | Zig:17   | Entered Level 17 of a ziggurat
 75211 | Zig:17   | Found the +8 trident of the Octopus King {venom, rElec
                  | rPois MR+}
 75213 | Zig:17   | Found the +8 autumn katana {slice, Clar}
 75213 | Zig:17   | Found the +2 robe of Vines {NoPotionHeal Regen+7}
 75213 | Zig:17   | Found the +3 pair of gauntlets of War {Slay+5}
 75220 | Zig:17   | Got a fine iron ring
 75221 | Zig:17   | Identified the ring of Juph {rC++ MP+9 Dex+4} (You found it
                  | on level 17 of a ziggurat)
 75245 | Zig:18   | Entered Level 18 of a ziggurat
 75273 | Zig:18   | Noticed Toul the pandemonium lord
 75288 | Zig:18   | Killed Toul the pandemonium lord
 75327 | Zig:18   | Slain by a reaper

Levels and vault maps discovered:
D:1:      onia_arrival_mini_maze_b, layout_basic
D:2:      layout_rooms, hangedman_decor_opposing
D:3:      layout_basic, first_ration, minmay_hedge_maze, uniq_robin,
          uniq_natasha
D:4:      layout_cave_pools, kiku_gazebo_pond_becter,
          gammafunk_temple_overflow_pools, minmay_temple_entry_hall,
          serial_shops, shop, serial_column_ruins, column_ruins_hut,
          column_ruins_columns_corner, column_ruins_grid_1,
          column_ruins_open_medium_water, column_ruins_corridor_straight,
          column_ruins_grid_1, st_stairs_9, chequers_serial_rivers_room_a,
          guppyfry_early_lair_pool
D:5:      layout_cave_pods, chequers_garden, st_stairs_10,
          nicolae_qazlal_eye_of_the_storm, uniq_prince_ribbit1, uniq_sigmund,
          uniq_eustachio
D:6:      layout_rooms
D:7:      layout_cave_pools, uniq_crazy_yiuf_cottage
D:8:      wander_guarded_unrand_ratskin, layout_rooms, david_lair_shrubbed,
          basic_altar, grunt_livestock
D:9:      layout_basic, lightli_temple_of_fire, uniq_grum
D:10:     layout_rooms, hiddenorc1_lemuel
D:11:     layout_irregular_city, nicolae_trove_entry_crystal,
          minmay_misc_feat_chi, uniq_maurice
D:12:     kennysheep_windowed_halls, layout_basic, serial_shops,
          nicolae_shop_competitors_out_of_business, gauntlet_entry_generic
D:13:     layout_cave_pools, hangedman_vaults_entry_quadrant_bands,
          small_chamber_with_monster, kennysheep_generic_room_12
D:14:     lemuel_ice_statue, layout_basic, serial_shops, shop,
          hangedman_decor_peaks_small
D:15:     grunt_enter_depths_giant_problem, layout_gridville,
          hangedman_abyss_or_decor_passed, serial_bayou_pond_e, chequers_avenue
Temple:   dpeg_five_rooms_temple
Lair:1:   layout_cave_pods, portal_ice_cave_entry_pillars_1
Lair:2:   layout_small_grid, minmay_swamp_entry_reptiles, pond,
          lemuel_fruit_fields, uniq_erica
Lair:3:   layout_big_grid, grunt_megastairs_4, infiniplex_staircase_pool_2
Lair:4:   layout_big_grid, minmay_snake_entry_six_corridors,
          serial_bayou_pond_d, serial_bayou_ford_a
Lair:5:   layout_roguey, st_stairs_7, wad_woods_river_04
Lair:6:   minmay_lair_end_frog_pond, layout_gridlike,
          minmay_slime_entry_pillars, uniq_sonja
Swamp:1:  layout_basic_swamp, evilmike_swamp_ruin_house_4
Swamp:2:  layout_basic_swamp, hangedman_swamp_pad
Swamp:3:  layout_falls_marsh, hangedman_swamp_lotus
Swamp:4:  swamp_old_school, layout_basic_swamp, uniq_bai_suzhen
Snake:1:  layout_layer_cave, serial_shops, nicolae_shop_waterfront
Snake:2:  layout_grid_shapes, basic_altar, st_stairs_4, minmay_shop_grove
Snake:3:  layout_onion, uniq_nikola
Snake:4:  snake_pit, layout_cave_town, serial_shops,
          nicolae_shop_overgrown_old_shop, grunt_ministairs_2, uniq_mara
Slime:1:  layout_caves
Slime:2:  layout_caves
Slime:3:  layout_caves, cheibrodos_slime_lost_civilization_5
Slime:4:  layout_caves
Slime:5
Orc:1:    layout_caves, basic_altar
Orc:2:    pf_orc_diabolical, layout_diamond_mine, basic_altar
Elf:1:    layout_geoelf_octagon, serial_shops, bzr_entry_gold, orc_legates,
          guppyfry_library_mini
Elf:2:    layout_geoelf_octagon, serial_shops, shop, basic_altar,
          ebering_ghost_rock_garden
Elf:3:    minmay_elf_hall_furrowed, layout_rooms, serial_shops,
          nicolae_shop_crystal
Vaults:1: v_rooms_6, v_misc_22, v_misc_28, ontoclasm_vaults_ligature, v_misc_1,
          hangedman_vaults_locks, ontoclasm_vaults_eye, hangedman_vaults_trim,
          vaults_dpeg_hooks, layout_vaults_chaotic_city, uniq_aizul
Vaults:2: serial_ice_g, nicolae_vaults_windows_and_doors_thing, v_alt_pattern_5,
          ontoclasm_vaults_gateway, v_misc_25, v_misc_3, hangedman_vaults_maws,
          vaults_dpeg_cross, v_misc_32, nicolae_vaults_network_s,
          layout_vaults_omnicross
Vaults:3: biasface_vaults_ghost_orc_armoury, vaults_room_ringed_pool,
          minmay_crypt_entry_simple_sparse, hangedman_vaults_maws,
          v_alt_pattern_2, vaults_room_door_ring, vaults_mumra_minichess,
          v_misc_4, grunt_vaults_bifocal, nicolae_vaults_network_periphery,
          vaults_mumra_minichess_inversion, nicolae_vaults_little_squares_2,
          vaults_dpeg_ring, layout_vaults_ring
Vaults:4: ebering_vaults_ghost_inner_flame, ontoclasm_vaults_ring_large,
          ontoclasm_vaults_ring_square, ontoclasm_vaults_tryst,
          ontoclasm_vaults_fault, kb_rosetta, layout_vaults_omnigrid
Vaults:5: uniq_saint_roka
Crypt:1:  layout_gridlike
Crypt:2:  layout_basic, grunt_megastairs_2
Crypt:3:  church_of_pain_bobbens, layout_chaotic_city, minmay_misc_feat_rows,
          st_small_mortuary, uniq_mennas
Depths:1: layout_gridville, serial_rivers, chequers_serial_rivers_small_b,
          chequers_serial_rivers_micro_d, chequers_serial_rivers_small_a,
          chequers_serial_rivers_room_a, chequers_serial_rivers_large_a,
          chequers_serial_rivers_micro_e, pan_entry, hell_entry,
          kennysheep_small_square
Depths:2: evilmike_lava_path, layout_long_grid, grunt_metal_band, minmay_holes,
          pan_entry
Depths:3: grunt_forest_end_winery, layout_cave_shapes, serial_shops,
          nicolae_shop_statue_plus, muffindrake_ghost_dual_entry,
          rand_demon_pan_entry_8, roderic_lattice_a, hell_entry, abyss_entry,
          moated_statue, infiniplex_staircase_pool_lava
Depths:4: evilmike_library_of_no_secrets, layout_cave_shapes, enter_ziggurat_d,
          abyss_entry, hell_entry, uniq_enchantress
Depths:5: grunt_zot_entry_tricorne, layout_basic, abyss_entry,
          grunt_pan_entry_in_and_out, hangedman_coc_ice_floe,
          minmay_misc_feat_five, uniq_xtahua
Zot:1:    layout_gridlike, zot_minivault_2
Zot:2:    layout_onion
Zot:3:    grunt_zot_stairs_mandelzot, layout_cathedral_of_symmetry,
          hangedman_zot_wheel_spokes
Zot:4:    layout_twisted_circle
Zot:5:    layout_misc_corridors, drop_trap
Abyss:1:  hangedman_abyss_shoalhut
Abyss:2
Abyss:3:  due_evilmike_abyss_rune_seething_liches
Zig:1
Zig:2
Zig:3
Zig:4
Zig:5
Zig:6
Zig:7
Zig:8
Zig:9:    ziggurat_pillar_abc, ziggurat_pillar_abc, ziggurat_pillar_abc,
          ziggurat_pillar_abc
Zig:10
Zig:11
Zig:12
Zig:13:   ziggurat_pillar_abc, ziggurat_pillar_abc, ziggurat_pillar_abc,
          ziggurat_pillar_abc
Zig:14
Zig:15
Zig:16
Zig:17
Zig:18
Bazaar:   bazaar_kb_twisted_cavern
Trove:    trove_books_scrolls
IceCv:    ice_cave_small_dragons
Gauntlet: gammafunk_gauntlet_branching [gammafunk_gauntlet_arena_grid,
          nicolae_gauntlet_swirl, gammafunk_gauntlet_arena_mazey,
          gammafunk_gauntlet_arena_arrow_garden,
          nicolae_gauntlet_arena_flowing_pool, gammafunk_gauntlet_arena_spirals,
          gammafunk_gauntlet_arena_corners, nicolae_gauntlet_arena_t_cross,
          gauntlet_exit_hidden_loot]

Skill      XL: |  1  2  3  4  5  6  7  8  9 10 11 12 13 14 15 16 17 18 19 20 21 22 23 24 25 26 27 |
---------------+----------------------------------------------------------------------------------+-----
Axes           | 2 3 4 5 6 8 9 11 13 14 15 17 18 19 20 21 22 23 24 25 27 | 27.0
Armour         | 3 4 5 6 7 8 9 10 11 12 | 12.4
Shields        | 3 4 5 6 7 8 9 11 12 13 14 15 16 17 18 21 | 21.9
Fighting       | 4 5 6 7 8 9 11 12 13 14 15 16 17 18 19 22 | 22.0
Invocations    | 3 5 7 9 10 11 12 13 14 16 21 | 21.5
Evocations     | 2 3 5 6 7 8 9 10 11 12 13 | 13.2
Stealth        | 1 2 3 4 6 7 8 9 10 12 | 12.5
Dodging        | 1 3 4 5 6 7 8 9 11 17 | 17.3
Necromancy     | 2 6 9 15 | 15.5
Hexes          | 8 |  8.8
Spellcasting   | 4 |  4.6
Transmutations | 6 |  6.3

Action                   |  1- 3 |  4- 6 |  7- 9 | 10-12 | 13-15 | 16-18 | 19-21 | 22-24 | 25-27 || total
-------------------------+-------+-------+-------+-------+-------+-------+-------+-------+-------++-------
Melee: War axe           |   159 |   263 |   316 |       |       |       |       |       |       ||   738
       Kick              |       |    30 |   111 |   182 |   105 |       |   240 |   657 |  1130 ||  2455
       Broad axe         |       |       |    70 |   561 |  1423 |  1458 |  1456 |  1211 |  2214 ||  8393
Throw: Javelin           |       |       |       |       |     2 |       |       |       |       ||     2
 Cast: Regeneration      |       |       |       |       |       |       |       |       |     2 ||     2
Invok: Heroism           |       |       |     2 |     7 |     7 |    11 |    10 |     4 |       ||    41
       Finesse           |       |       |       |     3 |     5 |     5 |     6 |     2 |       ||    21
 Abil: Evoke Berserk Rag |       |       |     2 |       |       |       |       |       |       ||     2
       Evoke Ratskin     |       |       |       |       |     2 |     5 |       |     1 |       ||     8
Evoke: Wand              |       |       |     4 |     9 |    30 |    15 |    10 |    35 |    41 ||   144
       Lightning rod     |       |       |       |     9 |     5 |       |       |       |     1 ||    15
       Sack of spiders   |       |       |       |     1 |       |       |       |       |       ||     1
       Phantom mirror    |       |       |       |       |       |       |       |     1 |     1 ||     2
  Use: Scroll            |       |     5 |    10 |    15 |    19 |    12 |     8 |    10 |    40 ||   119
       Potion            |       |     1 |       |     2 |     3 |     1 |     4 |     4 |    16 ||    31
 Stab: Paralysed         |       |       |       |       |     6 |     4 |       |       |     3 ||    13
       Distracted        |       |       |       |       |     4 |     2 |     4 |    11 |    23 ||    44
       Confused          |       |       |       |       |       |     1 |       |       |       ||     1
       Sleeping          |       |       |       |       |       |     9 |    36 |    40 |    39 ||   124
  Eat: Chunk             |     2 |     9 |    15 |    17 |    33 |    29 |    26 |    26 |    30 ||   187
       Ration            |       |       |       |     1 |     3 |     2 |     2 |     2 |     9 ||    19
Armor: Scale mail        |    99 |    25 |       |       |       |       |       |       |       ||   124
       Chain mail        |       |   155 |   159 |       |       |       |       |       |       ||   314
       Plate armour      |       |       |    57 |   196 |       |       |       |       |       ||   253
       Pearl dragon scal |       |       |       |    56 |   484 |   596 |   323 |   316 |   419 ||  2194
       Acid dragon scale |       |       |       |       |       |       |       |       |    32 ||    32
Dodge: Dodged            |    50 |    80 |    97 |   149 |   439 |   472 |   266 |   248 |   462 ||  2263
Block: Shield            |    93 |   135 |   187 |   250 |   650 |   365 |       |       |       ||  1680
       Large shield      |       |       |       |       |       |   714 |  1001 |  1054 |  2105 ||  4874
       Reflection        |       |       |       |       |       |       |       |       |    84 ||    84
       Rpst.: Broad axe  |       |       |       |       |       |       |    26 |    34 |    56 ||   116

Table legend:
 A = Non-vault XP
 B = Vault XP
 C = Vault XP percentage of total XP
 D = Non-vault monster count
 E = Vault monster count
 F = Vault count percentage of total count
                 A         B        C        D         E       F
            +---------+---------+-------+---------+---------+-------
      Total | 1457519 |  784012 |  35.0 |    2306 |     976 |  29.7
            +---------+---------+-------+---------+---------+-------
        D:1 |      49 |       0 |   0.0 |      28 |       0 |   0.0
        D:2 |      75 |       6 |   7.4 |      22 |       3 |  12.0
        D:3 |     262 |      63 |  19.4 |      24 |       9 |  27.3
        D:4 |     215 |      43 |  16.7 |      12 |       5 |  29.4
        D:5 |     303 |     766 |  71.7 |      13 |       5 |  27.8
        D:6 |     502 |       0 |   0.0 |      13 |       0 |   0.0
        D:7 |    1027 |      42 |   3.9 |      25 |       1 |   3.8
        D:8 |     656 |    1487 |  69.4 |       9 |      27 |  75.0
        D:9 |    3142 |     659 |  17.3 |      24 |       5 |  17.2
       D:10 |    3426 |     261 |   7.1 |      29 |      17 |  37.0
       D:11 |    5144 |     503 |   8.9 |      38 |       1 |   2.6
       D:12 |    4724 |    3804 |  44.6 |      27 |      19 |  41.3
       D:13 |    5708 |    7395 |  56.4 |      36 |      21 |  36.8
       D:14 |    9117 |     413 |   4.3 |      30 |       1 |   3.2
       D:15 |   10312 |    1563 |  13.2 |      44 |       1 |   2.2
     Lair:1 |    2909 |       0 |   0.0 |      12 |       0 |   0.0
     Lair:2 |    6130 |    2053 |  25.1 |      25 |      12 |  32.4
     Lair:3 |    3588 |     235 |   6.1 |      11 |       1 |   8.3
     Lair:4 |    4231 |    2018 |  32.3 |      17 |      14 |  45.2
     Lair:5 |    3046 |       0 |   0.0 |      11 |       0 |   0.0
     Lair:6 |   13336 |   12221 |  47.8 |      35 |      49 |  58.3
    Swamp:1 |    7291 |       0 |   0.0 |      18 |       0 |   0.0
    Swamp:2 |   17500 |       0 |   0.0 |      34 |       0 |   0.0
    Swamp:3 |   13038 |       0 |   0.0 |      27 |       0 |   0.0
    Swamp:4 |   16176 |   26616 |  62.2 |      27 |      27 |  50.0
    Snake:1 |   13726 |       0 |   0.0 |      24 |       0 |   0.0
    Snake:2 |   19578 |    1152 |   5.6 |      38 |       2 |   5.0
    Snake:3 |   14931 |    3733 |  20.0 |      27 |       1 |   3.6
    Snake:4 |    6692 |   31869 |  82.6 |      19 |      46 |  70.8
    Slime:1 |    1990 |       0 |   0.0 |       1 |       0 |   0.0
    Slime:2 |    3965 |       0 |   0.0 |      13 |       0 |   0.0
    Slime:3 |    7225 |       0 |   0.0 |      12 |       0 |   0.0
    Slime:4 |   18090 |       0 |   0.0 |      35 |       0 |   0.0
    Slime:5 |   23613 |   30532 |  56.4 |      37 |      14 |  27.5
      Orc:1 |    5494 |       0 |   0.0 |      58 |       0 |   0.0
      Orc:2 |    1183 |   18003 |  93.8 |      30 |      68 |  69.4
      Elf:1 |   21092 |   24903 |  54.1 |      33 |      38 |  53.5
      Elf:2 |    9913 |   25626 |  72.1 |      18 |      30 |  62.5
      Elf:3 |   21290 |   39341 |  64.9 |      35 |      25 |  41.7
   Vaults:1 |   23748 |   11610 |  32.8 |      43 |      27 |  38.6
   Vaults:2 |   49991 |   21290 |  29.9 |      79 |      35 |  30.7
   Vaults:3 |   14868 |   40212 |  73.0 |      27 |      51 |  65.4
   Vaults:4 |   34967 |   14644 |  29.5 |      50 |       6 |  10.7
   Vaults:5 |   45187 |  129572 |  74.1 |      61 |     100 |  62.1
    Crypt:1 |   38651 |       0 |   0.0 |      58 |       0 |   0.0
    Crypt:2 |   45146 |    9608 |  17.5 |      56 |      12 |  17.6
    Crypt:3 |   31127 |   57497 |  64.9 |      38 |      76 |  66.7
   Depths:1 |   37752 |    2390 |   6.0 |      47 |       3 |   6.0
   Depths:2 |   27306 |   33832 |  55.3 |      28 |      22 |  44.0
   Depths:3 |   39058 |   58663 |  60.0 |      42 |      41 |  49.4
   Depths:4 |   17049 |   37715 |  68.9 |      16 |      22 |  57.9
   Depths:5 |   42664 |   31102 |  42.2 |      40 |      30 |  42.9
      Zot:1 |   47573 |   26487 |  35.8 |      34 |      12 |  26.1
      Zot:2 |   70228 |       0 |   0.0 |      42 |       0 |   0.0
      Zot:3 |   68248 |   46548 |  40.5 |      39 |      25 |  39.1
      Zot:4 |   44884 |       0 |   0.0 |      26 |       0 |   0.0
      Zot:5 |   15935 |       0 |   0.0 |       7 |       0 |   0.0
    Abyss:1 |   15577 |    2028 |  11.5 |      21 |       4 |  16.0
    Abyss:2 |   50671 |    4656 |   8.4 |     124 |       6 |   4.6
    Abyss:3 |  102046 |    7890 |   7.2 |     190 |      25 |  11.6
      Zig:1 |     763 |       0 |   0.0 |       2 |       0 |   0.0
      Zig:2 |     939 |       0 |   0.0 |       3 |       0 |   0.0
      Zig:3 |    7034 |       0 |   0.0 |       3 |       0 |   0.0
      Zig:4 |    3889 |       0 |   0.0 |       7 |       0 |   0.0
      Zig:5 |    3875 |       0 |   0.0 |       6 |       0 |   0.0
      Zig:6 |    5715 |       0 |   0.0 |       9 |       0 |   0.0
      Zig:7 |    6632 |       0 |   0.0 |      13 |       0 |   0.0
      Zig:8 |   13377 |       0 |   0.0 |      21 |       0 |   0.0
      Zig:9 |   13388 |       0 |   0.0 |      16 |       0 |   0.0
     Zig:10 |   21016 |       0 |   0.0 |      15 |       0 |   0.0
     Zig:11 |   21124 |       0 |   0.0 |      15 |       0 |   0.0
     Zig:12 |   29523 |    2656 |   8.3 |      18 |       4 |  18.2
     Zig:13 |   16606 |       0 |   0.0 |      31 |       0 |   0.0
     Zig:14 |   21007 |       0 |   0.0 |      27 |       0 |   0.0
     Zig:15 |   46952 |       0 |   0.0 |      25 |       0 |   0.0
     Zig:17 |   32799 |       0 |   0.0 |      32 |       0 |   0.0
     Zig:18 |   49515 |       0 |   0.0 |      24 |       0 |   0.0
      IceCv |       0 |    5418 | 100.0 |       0 |      20 | 100.0
   Gauntlet |       0 |    4887 | 100.0 |       0 |      13 | 100.0
            +---------+---------+-------+---------+---------+-------
